[Event "Titled Tuesday Blitz April 05 Early 2022"]
[White "Politov, Pavel Y."]
[Black "Simonovic, Miroslav"]
[WhiteFideId "24110515"]
[BlackFideId "919152"]
[WhiteElo "2090"]
[BlackElo "2043"]
[Result "1-0"]
[Round "09"]
[TimeControl "180+1"]
[Date "2022.04.05"]
[WhiteClock "0:00:14"]
[BlackClock "0:00:19"]

1. e4 c5 2. Nf3 Nc6 3. d4 cxd4 4. Nxd4 e5 5. Nb5 d6 6. c4 Be6 7. N1c3 a6 8. Na3 Rc8 9. Be3 Be7 10. Be2 Nf6 11. f3 O-O 12. O-O Na5 13. b3 b5 14. Nd5 Bxd5 15. cxd5 Nd7 16. Nc2 f5 17. Nb4 fxe4 18. fxe4 Rxf1+ 19. Qxf1 Nc5 20. Bd3 Bg5 21. Qe2 Bxe3+ 22. Qxe3 Nab7 23. Nc6 Qd7 24. Rf1 Rf8 25. Rxf8+ Kxf8 26. Be2 Qf7 27. Bg4 Qf4 28. Qxf4+ exf4 29. b4 Nxe4 30. Bc8 Nc3 31. Bxb7 Nxd5 32. Bxa6 Nc3 33. a3 d5 34. Nd4 Nb1 35. Nxb5 Ke7 36. a4 g5 37. Nd4 Kd6 38. Kf2 Nc3 39. Nb5+ Nxb5 40. Bxb5 h5 41. a5 d4 42. Ke2 g4 43. Kd3 h4 44. Ke4 f3 45. gxf3 g3 46. hxg3 h3 47. Bf1 h2 48. Bg2 d3 49. Kxd3 Kd5 50. g4 Ke5 51. a6 Kf4 52. a7 Kg3 53. Bh1 Kf2 54. a8=Q Kg1 55. f4 Kf2 56. g5 Ke1 57. g6 Kd1 58. g7 Kc1 59. g8=Q Kb2 60. Qga2+ Kc1 61. Qc2# 1-0


[Site "https://www.chess.com"]

[Event "Titled Tuesday Blitz April 05 Early 2022"]
[White "Polster, Christian"]
[Black "Ardila, Oscar Humberto"]
[WhiteFideId "12965081"]
[BlackFideId "4404742"]
[WhiteElo "2331"]
[BlackElo "1983"]
[Result "0-1"]
[Round "09"]
[TimeControl "180+1"]
[Date "2022.04.05"]
[WhiteClock "0:00:01"]
[BlackClock "0:00:22"]

1. e4 e5 2. Nf3 Nf6 3. Bc4 Nxe4 4. Nc3 Nf6 5. Nxe5 d5 6. Bb3 Be7 7. d4 O-O 8. O-O Bf5 9. Bg5 c6 10. Re1 Nbd7 11. Qf3 Bg6 12. Nxd7 Qxd7 13. Ne2 Rfe8 14. Nf4 Be4 15. Qg3 Qf5 16. f3 Bd6 17. Bxf6 Qxf6 18. fxe4 Bxf4 19. Qd3 Qh6 20. exd5 Qxh2+ 21. Kf2 Qh4+ 22. Kf1 Bg3 23. Re3 Qh1+ 24. Ke2 Qxg2+ 25. Kd1 Qg1+ 26. Kd2 Qxa1 27. Rxe8+ Rxe8 28. Qxg3 Qxb2 29. dxc6 Qxd4+ 30. Kc1 bxc6 31. a4 c5 0-1


[Site "https://www.chess.com"]

[Event "Titled Tuesday Blitz April 05 Early 2022"]
[White "Prieto Aranguren, Alain"]
[Black "Piesik, Piotr"]
[WhiteFideId "2268906"]
[BlackFideId "1136194"]
[WhiteElo "2235"]
[BlackElo "2190"]
[Result "0-1"]
[Round "09"]
[TimeControl "180+1"]
[Date "2022.04.05"]
[WhiteClock "0:02:33"]
[BlackClock "0:02:44"]

1. d4 c5 2. d5 e5 3. Nc3 d6 4. e4 Be7 5. Be2 Bg5 6. Bxg5 Qxg5 7. h4 Qd8 8. h5 h6 9. Nh3 Nf6 10. Qd2 a6 11. a4 Nbd7 12. g4 Nh7 13. f3 Qh4+ 14. Nf2 Qg5 15. Qxg5 Nxg5 16. O-O-O Ke7 17. Nh3 Nxh3 18. Rxh3 Nf6 19. Rg1 Nh7 20. Bc4 Bd7 21. a5 Ng5 22. Nd1 Nxh3 0-1


[Site "https://www.chess.com"]

[Event "Titled Tuesday Blitz April 05 Early 2022"]
[White "Prohorov, Olexandr"]
[Black "Melikhov, Evgeny V."]
[WhiteFideId "14105578"]
[BlackFideId "4122046"]
[WhiteElo "1993"]
[BlackElo "1931"]
[Result "1-0"]
[Round "09"]
[TimeControl "180+1"]
[Date "2022.04.05"]
[WhiteClock "0:00:18"]
[BlackClock "0:00:20"]

1. Nf3 f5 2. e4 fxe4 3. Ng5 Nf6 4. d3 e6 5. dxe4 h6 6. Nf3 Bc5 7. Bd3 O-O 8. O-O Qe8 9. e5 Nd5 10. c4 Nf4 11. Bxf4 Rxf4 12. g3 Rf8 13. Qe2 Nc6 14. Nbd2 Qh5 15. Qe4 Qf5 16. Nb3 Qxe4 17. Bxe4 Be7 18. Nbd4 Nxd4 19. Nxd4 a6 20. f4 Bc5 21. Rad1 d6 22. Kg2 dxe5 23. fxe5 Rxf1 24. Kxf1 Rb8 25. Ke2 b5 26. Nc6 Bb7 27. Nxb8 Bxe4 28. Nxa6 Bb6 29. c5 Ba5 30. b4 Bb7 31. Rd8+ Kf7 32. bxa5 Bxa6 33. Rd7+ Kg6 34. Rxc7 Kf5 35. Rc6 Bb7 36. Rb6 Bd5 37. a6 Kxe5 38. a7 Kd4 39. Rb8 Kxc5 40. a8=Q Bxa8 41. Rxa8 1-0


[Site "https://www.chess.com"]

[Event "Titled Tuesday Blitz April 05 Early 2022"]
[White "Przybylski, Wojciech"]
[Black "Jaferian, Koosha"]
[WhiteFideId "1117599"]
[BlackFideId "12507440"]
[WhiteElo "2133"]
[BlackElo "2030"]
[Result "1-0"]
[Round "09"]
[TimeControl "180+1"]
[Date "2022.04.05"]
[WhiteClock "0:00:11"]
[BlackClock "0:00:13"]

1. e4 c6 2. d4 d5 3. e5 Bf5 4. Nf3 e6 5. Be2 c5 6. O-O Nc6 7. c4 dxc4 8. dxc5 Bxc5 9. Bxc4 Nge7 10. Bg5 O-O 11. Nc3 h6 12. Bf4 Ng6 13. Bg3 Bg4 14. Qxd8 Rfxd8 15. Ne4 Be7 16. Bb5 Bxf3 17. Bxc6 Bxg2 18. Bxb7 Rab8 19. Kxg2 Rxb7 20. b3 h5 21. h3 h4 22. Bh2 Rd5 23. Rfd1 Rbd7 24. Rxd5 Rxd5 25. f4 Rd4 26. Re1 Bb4 27. Re2 Ne7 28. Bg1 Rd7 29. Bf2 Nf5 30. Rc2 a5 31. Ng5 g6 32. Rc8+ Kg7 33. Ne4 Be7 34. Ra8 Rd5 35. Be1 Rd4 36. Nf6 Bxf6 37. exf6+ Kh7 38. Ra7 Rxf4 39. Rxf7+ Kg8 40. Ra7 Ne3+ 41. Kh2 Rxf6 42. Bxh4 Rf5 43. Be1 Nd5 44. Rxa5 Re5 45. Bf2 Re2 46. Kg3 Kf7 47. Bd4 Re4 48. Ra7+ Ke8 49. Bc5 Re2 50. b4 Rb2 51. a3 Rb3+ 52. Kg4 e5 53. Rg7 e4 54. Rxg6 Kd7 55. Rd6+ Kc7 56. Rxd5 e3 57. Re5 Rxa3 58. Rxe3 Ra4 59. h4 Kc6 60. h5 Kb5 61. h6 Ra6 62. Rh3 Ra8 63. h7 Rh8 64. Kg5 Rxh7 65. Rxh7 Ka4 66. Rh6 Kb5 1-0


[Site "https://www.chess.com"]

[Event "Titled Tuesday Blitz April 05 Early 2022"]
[White "Rastbod, Ali"]
[Black "Sadovsky, Artem"]
[WhiteFideId "12567477"]
[BlackFideId "4155840"]
[WhiteElo "2147"]
[BlackElo "2314"]
[Result "0-1"]
[Round "09"]
[TimeControl "180+1"]
[Date "2022.04.05"]
[WhiteClock "0:00:02"]
[BlackClock "0:00:32"]

1. d4 g6 2. c4 Bg7 3. Nf3 d6 4. Nc3 e5 5. dxe5 dxe5 6. Qxd8+ Kxd8 7. Be3 f6 8. O-O-O+ Nd7 9. Kb1 c6 10. Bc5 Nh6 11. Ne4 Bf8 12. Nxf6 Bxc5 13. Nxe5 Bxf2 14. Nfxd7 Kc7 15. g3 Re8 16. Nd3 Ng4 17. h3 Ne3 18. Nf6 Re6 19. Nxf2 Nxd1 20. Nxd1 Rxf6 21. Bg2 Bf5+ 22. e4 Be6 23. b3 Rd8 24. Kc2 Kd6 25. Re1 Ke5 26. Re2 c5 27. Nf2 Rff8 28. Nd3+ Kd6 29. e5+ Kc7 30. Nxc5 Bf5+ 31. Kc3 b6 32. Na6+ Kc8 33. Nb4 Rd7 34. g4 Be6 35. Nd5 Rdf7 36. Nf6 h6 37. Be4 g5 38. Rd2 Rd8 39. Re2 Rd1 40. Rf2 Re1 41. Bf5 Rxe5 42. Bxe6+ Rxe6 0-1


[Site "https://www.chess.com"]

[Event "Titled Tuesday Blitz April 05 Early 2022"]
[White "Rodchenkov, Sergey D."]
[Black "Namitbir Singh Walia"]
[WhiteFideId "4168712"]
[BlackFideId "35071068"]
[WhiteElo "2306"]
[BlackElo "1565"]
[Result "0-1"]
[Round "09"]
[TimeControl "180+1"]
[Date "2022.04.05"]
[WhiteClock "0:00:39"]
[BlackClock "0:00:12"]

1. e4 c5 2. Nf3 Nc6 3. d4 cxd4 4. Nxd4 g6 5. c4 Nf6 6. Nc3 Nxd4 7. Qxd4 d6 8. Be2 Bg7 9. Qd3 O-O 10. O-O Be6 11. Be3 Rc8 12. b3 Qa5 13. Rac1 a6 14. Bd2 Qd8 15. f3 Nd7 16. Kh1 Ne5 17. Qc2 Nc6 18. Be3 b5 19. Qd2 bxc4 20. bxc4 Qa5 21. Nd5 Qxd2 22. Bxd2 Bd4 23. Rb1 Rb8 24. Bg5 f6 25. Bd2 Kf7 26. a4 Bc5 27. a5 Rxb1 28. Rxb1 Rb8 29. Nb6 Ke8 30. Bd3 Kd8 31. g3 Kc7 32. Nd5+ Bxd5 33. Rxb8 Bxe4 34. Bxe4 Nxb8 35. g4 Nc6 36. h4 e6 37. f4 Bb4 38. Bxb4 Nxb4 39. f5 gxf5 40. gxf5 e5 41. h5 h6 42. Kg2 Nc6 43. Kf3 Nxa5 44. Bd5 Nc6 45. Ke3 Nd4 46. Be4 Kb6 47. Kd3 Kc5 48. Kc3 a5 49. Bb1 Nc6 50. Be4 Nb4 51. Bb1 d5 52. cxd5 Nxd5+ 53. Kd3 Nb6 54. Ke4 Kb4 55. Ba2 Kc3 56. Bf7 a4 57. Ke3 a3 58. Ke4 Nc4 59. Kd5 a2 0-1


[Site "https://www.chess.com"]

[Event "Titled Tuesday Blitz April 05 Early 2022"]
[White "Rodchenkov, Vitaly"]
[Black "Onslow, Alfie"]
[WhiteFideId "4152964"]
[BlackFideId "436976"]
[WhiteElo "2337"]
[BlackElo "1884"]
[Result "0-1"]
[Round "09"]
[TimeControl "180+1"]
[Date "2022.04.05"]
[WhiteClock "0:00:04"]
[BlackClock "0:00:03"]

1. Nf3 c5 2. c4 Nf6 3. Nc3 Nc6 4. g3 d5 5. cxd5 Nxd5 6. Nxd5 Qxd5 7. Bg2 g6 8. O-O Bg7 9. Re1 O-O 10. d3 Bg4 11. Rb1 Qd7 12. a3 Rac8 13. b4 cxb4 14. axb4 Nd4 15. Nxd4 Bxd4 16. Qb3 Be6 17. Qa3 Rc3 18. Qa5 b6 19. Qg5 Rfc8 20. Bb2 Rc2 21. Bxd4 Qxd4 22. Qxe7 h6 23. Qxa7 R2c7 24. Qa1 Qd6 25. Qb2 Qd7 26. Rec1 h5 27. Rxc7 Qxc7 28. h4 Qc2 29. b5 Bg4 30. Qxc2 Rxc2 31. e3 Bd7 32. Ra1 Rd2 33. Bc6 Rxd3 34. Ra8+ Kg7 35. Rd8 Bf5 36. Rxd3 Bxd3 37. Kg2 Kf6 38. Kf3 Ke5 39. Be8 f6 40. g4 hxg4+ 41. Kxg4 Bf5+ 42. Kg3 Bd3 43. f4+ Kd6 44. Kg4 Bf5+ 45. Kf3 Kd5 46. Bc6+ Kc5 47. e4 Be6 48. h5 gxh5 49. f5 Bf7 50. Kg3 Kd4 51. Kf4 Bg8 52. Bd7 Bf7 53. Bc6 h4 54. Kg4 Ke5 55. Kxh4 Bc4 56. Kg3 Bd3 57. Kf3 Bc2 58. Ke3 Bb1 59. Kd2 Bxe4 60. Bd7 Bxf5 61. Bc6 Be4 62. Bd7 f5 63. Ke3 f4+ 64. Ke2 Kd4 65. Be8 Kc5 66. Bd7 Kd4 67. Be8 f3+ 68. Kf2 Ke5 69. Bd7 Kf4 70. Be8 Bd3 71. Bd7 Bc4 72. Be8 Bd5 73. Bd7 Ke5 74. Be8 Kd6 75. Bh5 Kc5 76. Be8 Kb4 77. Bd7 Kc4 78. Be8 Be6 79. Bc6 Kc5 80. Be8 Bc4 81. Kxf3 Bxb5 82. Bf7 Bc4 83. Bg6 b5 84. Ke3 Kb4 85. Kd2 Ka3 86. Kc1 b4 87. Kb1 Ba2+ 88. Ka1 b3 89. Bf7 b2# 0-1


[Site "https://www.chess.com"]

[Event "Titled Tuesday Blitz April 05 Early 2022"]
[White "Rosenberg, Evan S"]
[Black "Avazkhonov, Alikhon"]
[WhiteFideId "2019299"]
[BlackFideId "14208504"]
[WhiteElo "2268"]
[BlackElo "1739"]
[Result "1-0"]
[Round "09"]
[TimeControl "180+1"]
[Date "2022.04.05"]
[WhiteClock "0:00:47"]
[BlackClock "0:00:04"]

1. d4 d5 2. Nf3 e6 3. c4 c6 4. Nc3 dxc4 5. a4 Nf6 6. e4 Bb4 7. Bxc4 Nxe4 8. O-O Bxc3 9. bxc3 Nxc3 10. Qd3 Nd5 11. Ba3 Nd7 12. Ne5 Nxe5 13. dxe5 Qg5 14. Bxd5 exd5 15. f4 Qf5 16. Qb3 Qe4 17. Rae1 Qc4 18. Qd1 Bf5 19. Bd6 O-O-O 20. a5 Be4 21. Qg4+ Rd7 22. Qxg7 Re8 23. Qg4 Qd4+ 24. Kh1 Qd2 25. Re2 Qxa5 26. Rc1 Qd8 27. Qh3 Rg8 28. Qb3 f5 29. Rxc6+ 1-0


[Site "https://www.chess.com"]

[Event "Titled Tuesday Blitz April 05 Early 2022"]
[White "Sahil, Tickoo"]
[Black "Alboredo, Julia"]
[WhiteFideId "5019710"]
[BlackFideId "2124807"]
[WhiteElo "2099"]
[BlackElo "2041"]
[Result "0-1"]
[Round "09"]
[TimeControl "180+1"]
[Date "2022.04.05"]
[WhiteClock "0:00:22"]
[BlackClock "0:00:12"]

1. d4 Nf6 2. c4 g6 3. Nc3 Bg7 4. e4 d6 5. Nf3 O-O 6. Be2 e5 7. O-O Nc6 8. dxe5 dxe5 9. Bg5 Qxd1 10. Raxd1 Bg4 11. Nd5 Nxd5 12. cxd5 Bxf3 13. Bxf3 Nd4 14. Be3 c6 15. dxc6 bxc6 16. Rd2 Rab8 17. Rc1 Rb6 18. b3 a5 19. Be2 a4 20. Bc4 axb3 21. axb3 Nxb3 22. Bxb6 Nxd2 23. f3 Nxc4 24. Rxc4 Rc8 25. Kf2 Bf8 26. Bc5 Bxc5+ 27. Rxc5 f6 28. Ke3 Kf7 29. g3 Ke6 30. f4 Kd6 31. Rc2 h5 32. Rd2+ Ke6 33. h3 c5 34. fxe5 Kxe5 35. g4 hxg4 36. hxg4 c4 37. Rd5+ Ke6 38. Kd2 c3+ 39. Kc2 Rc4 40. Ra5 Rxe4 41. g5 f5 42. Ra6+ Kf7 43. Kxc3 Rg4 44. Ra7+ Ke6 45. Ra6+ Ke5 46. Ra7 Rxg5 47. Kd3 Rg3+ 48. Ke2 g5 49. Kf2 Rb3 50. Rg7 g4 51. Re7+ Kf4 52. Re2 Kg5 53. Kg2 f4 54. Re5+ Kh4 55. Rc5 Rb2+ 56. Kg1 Kg3 57. Rc3+ f3 58. Rc1 Rg2+ 59. Kh1 Rh2+ 60. Kg1 f2+ 61. Kf1 Rh1+ 62. Ke2 Rxc1 0-1


[Site "https://www.chess.com"]

[Event "Titled Tuesday Blitz April 05 Early 2022"]
[White "Samaganova, Aleksandra"]
[Black "Aaditya Dhingra"]
[WhiteFideId "13800221"]
[BlackFideId "25678191"]
[WhiteElo "1859"]
[BlackElo "1849"]
[Result "1-0"]
[Round "09"]
[TimeControl "180+1"]
[Date "2022.04.05"]
[WhiteClock "0:00:05"]
[BlackClock "0:00:11"]

1. c4 e6 2. Nc3 d5 3. e3 Nf6 4. Nf3 Be7 5. d4 O-O 6. cxd5 exd5 7. Bd3 c6 8. h3 Re8 9. O-O Nbd7 10. a3 Bd6 11. b4 Ne4 12. Qc2 f5 13. b5 Ndf6 14. bxc6 bxc6 15. a4 Qa5 16. Bd2 Bb4 17. Nb1 Bxd2 18. Nfxd2 Ba6 19. Bxa6 Qxa6 20. Nxe4 fxe4 21. Rc1 Rec8 22. Nd2 Rab8 23. Nb3 Nd7 24. Nc5 Nxc5 25. Qxc5 Rb6 26. Qd6 Qb7 27. Qe6+ Kh8 28. Rc5 Rb1+ 29. Rxb1 Qxb1+ 30. Kh2 Qb8+ 31. g3 Qc7 32. h4 h6 33. a5 Qb7 34. Kg2 a6 35. Rc3 Qc7 36. Rb3 Rf8 37. Rb6 Rf6 38. Qe8+ Kh7 39. h5 Qd6 40. Rb8 Rxf2+ 41. Kxf2 Qf6+ 42. Kg1 1-0


[Site "https://www.chess.com"]

[Event "Titled Tuesday Blitz April 05 Early 2022"]
[White "Sanchez Alvares, Kelvin Antonio"]
[Black "Marcziter, Dmitrii"]
[WhiteFideId "3906680"]
[BlackFideId "13900765"]
[WhiteElo "2193"]
[BlackElo "2155"]
[Result "0-1"]
[Round "09"]
[TimeControl "180+1"]
[Date "2022.04.05"]
[WhiteClock "0:00:58"]
[BlackClock "0:00:58"]

1. e4 c5 2. Nf3 a6 3. c4 e6 4. d4 cxd4 5. Nxd4 Nf6 6. Nc3 Qc7 7. f3 b6 8. Be3 Bb7 9. Be2 Nc6 10. O-O Ne5 11. Qd2 Ng6 12. Kh1 h5 13. Rfd1 h4 14. Rac1 Rc8 15. Nb3 Bc5 16. Na4 Bxe3 17. Qxe3 Nf4 18. Bf1 N6h5 19. Qxb6 Ng3+ 20. hxg3 hxg3+ 21. Kg1 Qe5 22. Bd3 Rh2 23. Rc2 Qh5 0-1


[Site "https://www.chess.com"]

[Event "Titled Tuesday Blitz April 05 Early 2022"]
[White "Sarkar, Justin"]
[Black "Heinemann, Josefine"]
[WhiteFideId "2010011"]
[BlackFideId "12900460"]
[WhiteElo "2038"]
[BlackElo "2300"]
[Result "0-1"]
[Round "09"]
[TimeControl "180+1"]
[Date "2022.04.05"]
[WhiteClock "0:00:01"]
[BlackClock "0:01:13"]

1. e4 c6 2. Nf3 d5 3. Nc3 dxe4 4. Nxe4 Bg4 5. h3 Bh5 6. Ng3 Bg6 7. Ne5 Nd7 8. Nxg6 hxg6 9. d4 Ngf6 10. Be2 e6 11. O-O Bd6 12. Qd3 O-O 13. Bg5 Qc7 14. c4 c5 15. Ne4 Nxe4 16. Qxe4 cxd4 17. Qxd4 Be5 18. Qd2 Bf6 19. Bf4 e5 20. Be3 Rfd8 21. Qb4 Nf8 22. Rfd1 b6 23. Bf3 Rac8 24. Bd5 Nd7 25. a4 a5 26. Qb5 Nc5 27. Bxc5 Qxc5 28. Qxc5 Rxc5 29. Rac1 Kf8 30. b3 Bg5 31. Rb1 f5 32. Kf1 Bf6 33. f3 Rc7 34. Ke2 Be7 35. Be6 Bd6 36. Rd5 Ke7 0-1


[Site "https://www.chess.com"]

[Event "Titled Tuesday Blitz April 05 Early 2022"]
[White "Sebag, Marie"]
[Black "Hernandez Bermudez, Ulises Eduardo"]
[WhiteFideId "617822"]
[BlackFideId "3902510"]
[WhiteElo "2440"]
[BlackElo "2056"]
[Result "0-1"]
[Round "09"]
[TimeControl "180+1"]
[Date "2022.04.05"]
[WhiteClock "0:00:02"]
[BlackClock "0:00:13"]

1. d4 Nf6 2. Nf3 g6 3. Bf4 Bg7 4. e3 d6 5. h3 O-O 6. Be2 c5 7. Bh2 cxd4 8. exd4 Nc6 9. O-O Re8 10. c4 Bf5 11. d5 Nb8 12. Nd4 Bxb1 13. Rxb1 Nbd7 14. b4 Ne4 15. Qd3 f5 16. Ne6 Qb6 17. Nxg7 Kxg7 18. Bf3 Ndf6 19. Rfc1 Rac8 20. c5 Qd8 21. c6 bxc6 22. dxc6 Qb6 23. Qe3 Rxc6 24. Rxc6 Qxc6 25. Qxa7 Qc2 26. Re1 Nd5 27. Bxe4 fxe4 28. Qd4+ Nf6 29. Bg3 Qxa2 30. Bh4 Qe6 31. b5 Qe5 32. Qxe5 dxe5 33. Bg3 Rb8 34. Rb1 Nd7 35. Rd1 Nf6 36. Rb1 Nd7 37. Kf1 Kf7 38. Ke2 Ke6 39. Ke3 Nf6 40. Rb3 Kf5 41. Ke2 Nd5 42. h4 Rxb5 43. Rxb5 Nc3+ 44. Ke3 Nxb5 45. Bh2 Nd6 46. Bg3 Ke6 47. Bh2 Kd5 48. g4 Nc4+ 49. Ke2 Kd4 50. Bg3 Nb2 51. h5 Nd3 52. hxg6 hxg6 53. Bh4 Nf4+ 54. Kf1 e6 55. Bd8 Nd5 56. Ba5 e3 57. fxe3+ Nxe3+ 58. Kf2 Nxg4+ 59. Kf3 Nf6 60. Bd8 Nd5 61. Bg5 e4+ 62. Ke2 Nc3+ 0-1


[Site "https://www.chess.com"]

[Event "Titled Tuesday Blitz April 05 Early 2022"]
[White "Sellitti, Federico"]
[Black "Lauridsen, Jesper Morch"]
[WhiteFideId "821829"]
[BlackFideId "1401890"]
[WhiteElo "2558"]
[BlackElo "2279"]
[Result "1-0"]
[Round "09"]
[TimeControl "180+1"]
[Date "2022.04.05"]
[WhiteClock "0:00:16"]
[BlackClock "0:00:07"]

1. e4 e6 2. b3 c5 3. Bb2 b6 4. f4 Bb7 5. Nc3 Nf6 6. Qe2 Nc6 7. Nf3 Nd4 8. Nxd4 cxd4 9. Nb5 Nxe4 10. Nxd4 Qh4+ 11. g3 Nxg3 12. Qf2 Bxh1 13. hxg3 Qd8 14. O-O-O Bb7 15. f5 Bc5 16. fxe6 dxe6 17. Bb5+ Ke7 18. Qf4 Bxd4 19. Bxd4 f6 20. Re1 Qd6 21. Qg4 Rhg8 22. Bc3 a5 23. Qh5 Rac8 24. Bc4 Rxc4 25. bxc4 Qxg3 26. Qe2 e5 27. Kb2 Qf3 28. Qh2 h6 29. d4 Rc8 30. dxe5 f5 31. Qh4+ Kf7 32. e6+ Kg8 33. Qe7 Bc6 34. Qxg7# 1-0


[Site "https://www.chess.com"]

[Event "Titled Tuesday Blitz April 05 Early 2022"]
[White "Sergienko, Sergey"]
[Black "Prado Lobo, Jonas"]
[WhiteFideId "4115791"]
[BlackFideId "32050666"]
[WhiteElo "2193"]
[BlackElo "2214"]
[Result "0-1"]
[Round "09"]
[TimeControl "180+1"]
[Date "2022.04.05"]
[WhiteClock "0:01:47"]
[BlackClock "0:02:10"]

1. e4 e5 2. Nf3 Nf6 3. Nxe5 d5 4. d4 Nxe4 5. Nd2 Bd6 6. Nxe4 dxe4 7. Qe2 O-O 8. Bf4 f6 9. Qc4+ Kh8 10. O-O-O fxe5 11. dxe5 Rxf4 12. exd6 cxd6 13. Rxd6 Qxd6 14. Qxc8+ Rf8 15. Qxb7 0-1


[Site "https://www.chess.com"]

[Event "Titled Tuesday Blitz April 05 Early 2022"]
[White "Shohat, Yotam"]
[Black "Mekhitarian, Krikor Sevag"]
[WhiteFideId "2813955"]
[BlackFideId "2107660"]
[WhiteElo "2119"]
[BlackElo "2598"]
[Result "0-1"]
[Round "09"]
[TimeControl "180+1"]
[Date "2022.04.05"]
[WhiteClock "0:00:03"]
[BlackClock "0:00:18"]

1. e4 e5 2. f4 d5 3. Nf3 exf4 4. exd5 Nf6 5. Bb5+ c6 6. dxc6 Nxc6 7. d4 Bd6 8. O-O O-O 9. c3 a6 10. Bd3 Re8 11. Nbd2 Bg4 12. Qb3 Qc7 13. Nc4 Be6 14. Qc2 Bf8 15. Nce5 Nd5 16. Bxh7+ Kh8 17. Be4 g6 18. h4 Bg7 19. h5 Nxe5 20. Nxe5 g5 21. Qe2 Rad8 22. h6 Bxe5 23. dxe5 Qxe5 24. Qc2 Nf6 25. Bf3 Bf5 26. Qf2 Be4 27. Bxe4 Nxe4 28. Qf3 Ng3 0-1


[Site "https://www.chess.com"]

[Event "Titled Tuesday Blitz April 05 Early 2022"]
[White "Silvestre, Christian"]
[Black "Zaksaite, Salomeja"]
[WhiteFideId "30956269"]
[BlackFideId "12801496"]
[WhiteElo "2396"]
[BlackElo "1953"]
[Result "1-0"]
[Round "09"]
[TimeControl "180+1"]
[Date "2022.04.05"]
[WhiteClock "0:00:49"]
[BlackClock "0:00:17"]

1. Nf3 c5 2. b3 Nc6 3. Bb2 Nf6 4. e3 d6 5. Be2 e5 6. d3 Be7 7. c4 O-O 8. Nbd2 Be6 9. Ng5 Bf5 10. Nge4 Bg6 11. O-O Qd7 12. Rc1 b6 13. a3 a5 14. Bf3 Ne8 15. Qc2 Nc7 16. Nc3 f5 17. Nb5 Rab8 18. Bc3 Nxb5 19. cxb5 Nd8 20. Bd5+ Kh8 21. a4 Ne6 22. Nc4 Nc7 23. Bf3 Qe6 24. e4 Bf6 25. Rfe1 f4 26. Qe2 Qe7 27. Bg4 Bf7 28. g3 g5 29. Kh1 d5 30. exd5 Bxd5+ 31. Bf3 Bxf3+ 32. Qxf3 Rbe8 33. Nxe5 Qg7 34. gxf4 gxf4 35. Rg1 Qe7 36. Nc6 Bxc3 37. Nxe7 1-0


[Site "https://www.chess.com"]

[Event "Titled Tuesday Blitz April 05 Early 2022"]
[White "Sliwicka, Alicja"]
[Black "Skliarov, Viktor"]
[WhiteFideId "1150677"]
[BlackFideId "14106736"]
[WhiteElo "2120"]
[BlackElo "2229"]
[Result "1-0"]
[Round "09"]
[TimeControl "180+1"]
[Date "2022.04.05"]
[WhiteClock "0:00:22"]
[BlackClock "0:00:03"]

1. e4 c5 2. Nf3 Nc6 3. d4 cxd4 4. Nxd4 Nf6 5. Nc3 e5 6. Ndb5 d6 7. Bg5 a6 8. Na3 b5 9. Nd5 Be7 10. Bxf6 Bxf6 11. c4 b4 12. Nc2 a5 13. g3 Bg5 14. h4 Bh6 15. Bh3 O-O 16. Kf1 Bxh3+ 17. Rxh3 Nb8 18. Kg2 Na6 19. Qf3 Nc5 20. Rd1 Rb8 21. b3 Kh8 22. g4 f6 23. Rg3 Ne6 24. Ne1 Bf4 25. Rh3 Ra8 26. Kg1 Qb8 27. Ng2 Bh6 28. Nge3 Bxe3 29. fxe3 a4 30. Qf5 axb3 31. axb3 Nc5 32. Rg3 g6 33. Qf2 Kg7 34. Qg2 Ra3 35. g5 fxg5 36. Rxg5 Rxb3 37. h5 Rd3 38. Rb1 b3 39. hxg6 h6 40. Rf5 Na4 41. Qf1 Rd2 42. Rf7+ Kg8 43. Qf6 1-0


[Site "https://www.chess.com"]

[Event "Titled Tuesday Blitz April 05 Early 2022"]
[White "Srebrnic, Marko"]
[Black "Omariev, Maksim"]
[WhiteFideId "14603616"]
[BlackFideId "4193423"]
[WhiteElo "2340"]
[BlackElo "2491"]
[Result "0-1"]
[Round "09"]
[TimeControl "180+1"]
[Date "2022.04.05"]
[WhiteClock "0:00:22"]
[BlackClock "0:00:05"]

1. e4 c5 2. Nf3 d6 3. d4 cxd4 4. Nxd4 Nf6 5. Nc3 a6 6. Bc4 e6 7. O-O b5 8. Bb3 Be7 9. Qf3 Qc7 10. Qg3 O-O 11. Bh6 Ne8 12. h4 Bd7 13. h5 Kh8 14. Be3 h6 15. Rad1 Nc6 16. Nxc6 Bxc6 17. f3 Nf6 18. Qh3 a5 19. a3 b4 20. axb4 axb4 21. Ne2 d5 22. exd5 Nxd5 23. Bf2 Bf6 24. Nd4 Bb7 25. Rfe1 Rfc8 26. Kh1 Nf4 27. Qg4 Nd5 28. Bg3 Qb6 29. Be5 Ra5 30. Bxd5 Bxe5 31. Bxb7 Qxb7 32. Nb3 Rb5 33. Re4 Bxb2 34. g3 f5 35. Qg6 fxe4 36. Rd6 Rg5 37. Qxe6 exf3 38. Kh2 f2 39. Nc5 Rgxc5 40. Rc6 R5xc6 41. Qd5 Qe7 42. Kg2 Qe1 43. Qd3 Qg1+ 44. Kf3 f1=Q+ 45. Kg4 Qxd3 46. cxd3 Rc5 47. d4 Rg5+ 48. Kf4 Qf1+ 49. Ke4 Qf5+ 50. Ke3 Bxd4+ 51. Ke2 Rc2+ 52. Kd1 Qd3+ 53. Ke1 Qe2# 0-1


[Site "https://www.chess.com"]

[Event "Titled Tuesday Blitz April 05 Early 2022"]
[White "Stanisz, Patryk"]
[Black "Polok, Kacper"]
[WhiteFideId "1123106"]
[BlackFideId "1137158"]
[WhiteElo "1833"]
[BlackElo "2224"]
[Result "0-1"]
[Round "09"]
[TimeControl "180+1"]
[Date "2022.04.05"]
[WhiteClock "0:00:01"]
[BlackClock "0:00:11"]

1. Nf3 e6 2. b3 a5 3. Bb2 a4 4. g3 a3 5. Bc3 b5 6. d3 b4 7. Bd2 Bb7 8. c3 c5 9. Bg2 Nc6 10. O-O Nf6 11. e4 d6 12. cxb4 cxb4 13. Be3 Be7 14. Nbd2 d5 15. Rc1 O-O 16. Bc5 Bxc5 17. Rxc5 Qb6 18. Qc2 Nd7 19. d4 Nxc5 20. dxc5 Qc7 21. h4 Rac8 22. Ng5 h6 23. exd5 hxg5 24. dxc6 Bxc6 25. hxg5 Bxg2 26. Kxg2 Qxc5 27. Nc4 Qxg5 28. Rh1 g6 29. Qe2 Rc5 30. f3 Rd8 31. Qe1 Rcd5 32. Rh4 Rd1 33. Qxb4 Qf6 34. Qb6 Rc1 35. Qe3 Rc2+ 0-1


[Site "https://www.chess.com"]

[Event "Titled Tuesday Blitz April 05 Early 2022"]
[White "Tasev, Dejan"]
[Black "Maung, Maung Kyaw Zaw Hein"]
[WhiteFideId "936618"]
[BlackFideId "13001698"]
[WhiteElo "2253"]
[BlackElo "1785"]
[Result "1-0"]
[Round "09"]
[TimeControl "180+1"]
[Date "2022.04.05"]
[WhiteClock "0:01:05"]
[BlackClock "0:00:45"]

1. e4 c6 2. d4 d5 3. Nc3 dxe4 4. Nxe4 Bf5 5. Ng3 Bg6 6. Nf3 Nd7 7. Bc4 e6 8. Bb3 Ngf6 9. O-O Be7 10. c3 O-O 11. Nh4 c5 12. Nxg6 hxg6 13. Be3 Qc7 14. Qf3 cxd4 15. Bxd4 Bc5 16. Rad1 Rad8 17. Rd2 Bxd4 18. Rxd4 Nc5 19. Rfd1 Nxb3 20. axb3 b6 21. Qd3 Rxd4 22. Qxd4 Re8 23. h3 e5 24. Qd6 Qb7 25. c4 e4 26. Nf1 Re7 27. Qd8+ Re8 28. Qd4 Nh5 29. Ne3 Nf4 30. Qd7 Re7 31. Qd8+ Kh7 32. Nd5 Re6 33. Qh4+ Nh5 34. g4 Re5 35. gxh5 Rxh5 36. Qxe4 Rxh3 37. Nf6+ 1-0


[Site "https://www.chess.com"]

[Event "Titled Tuesday Blitz April 05 Early 2022"]
[White "Todorovic, Bojan"]
[Black "Gontcharov, Vladislav"]
[WhiteFideId "917087"]
[BlackFideId "4123492"]
[WhiteElo "2266"]
[BlackElo "2488"]
[Result "0-1"]
[Round "09"]
[TimeControl "180+1"]
[Date "2022.04.05"]
[WhiteClock "0:00:06"]
[BlackClock "0:00:17"]

1. d4 Nf6 2. Bg5 Ne4 3. Bf4 d5 4. e3 e6 5. Bd3 Nf6 6. Nf3 Be7 7. Nbd2 O-O 8. h3 c5 9. c3 Nc6 10. O-O b6 11. Ne5 Bb7 12. Ndf3 h6 13. Nxc6 Bxc6 14. Ne5 Bb7 15. Bc2 b5 16. dxc5 Bxc5 17. Qd3 a6 18. Ng4 Re8 19. Be5 Ne4 20. f3 f5 21. fxe4 dxe4 22. Qxd8 Raxd8 23. Nf2 Bxe3 24. Rad1 Bd5 25. Bb3 g6 26. Bd4 Bg5 27. g3 e3 28. Bxd5 exd5 29. Bxe3 Rxe3 30. Kg2 Re2 31. h4 Bf6 32. Rfe1 Rxb2 33. Re6 Kf7 34. Rxa6 Bxc3 35. Kf3 d4 36. Nd3 Re8 37. Nxb2 Bxb2 38. Rd2 Bc1 39. Re2 Be3 40. Rc2 Re7 41. Rd6 g5 42. h5 Ra7 43. Rxh6 g4+ 44. Ke2 Bxh6 0-1


[Site "https://www.chess.com"]